 Dungeon Crawl Stone Soup version 0.21.1-1-g345015fe64 (webtiles) character file.

124 Knicklaso the Vandal (level 5, -4/35 HPs)
             Began as a Halfling Hunter on Apr 5, 2018.
             Slain by Crazy Yiuf
             ... wielding a +4 quarterstaff of chaos
              (19 damage)
             ... on level 2 of the Dungeon.
             The game lasted 00:05:34 (1682 turns).

Knicklaso the Vandal (Halfling Hunter)              Turns: 1682, Time: 00:05:35

Health: -4/35      AC:  3    Str: 13    XL:     5   Next: 30%
Magic:  5/5        EV: 15    Int:  9    God:
Gold:   119        SH:  0    Dex: 16    Spells: 4/4 levels left

rFire    . . .     SeeInvis .   b - +0 short sword
rCold    . . .     Gourm    .   (shield restricted)
rNeg     . . .     Faith    .   c - +0 leather armour
rPois    .         Spirit   .   (no helmet)
rElec    .         Reflect  .   (no cloak)
rCorr    .         Harm     .   (no gloves)
MR       .....                  (no boots)
Stlth    ++........             (no amulet)
HPRegen  0.11/turn              (no ring)
MPRegen  0.09/turn              (no ring)

@: no status effects
A: small, mutation resistance 1
a: no special abilities


You were on level 2 of the Dungeon.
You were not hungry.

You visited 1 branch of the dungeon, and saw 2 of its levels.

You collected 119 gold pieces.

Inventory:

Hand Weapons
 a - a +1 hunting sling
 b - a +0 short sword (weapon)
 v - a cursed +0 hunting sling
Missiles
 d - 4 sling bullets
 h - 77 stones (quivered)
Armour
 c - a +0 leather armour (worn)
 j - a +1 pair of boots
 w - a +2 cloak
 y - a +0 pair of gloves
Jewellery
 i - an uncursed amulet of regeneration {unknown}
 r - a cursed ring of teleportation {unknown}
Scrolls
 e - 6 scrolls of identify {unknown}
 g - a scroll of immolation {unknown}
 k - 2 scrolls of enchant armour {unknown}
 n - 2 scrolls of remove curse {unknown}
 o - a scroll of enchant weapon {unknown}
 p - a scroll of blinking {unknown}
 q - 2 scrolls of teleportation {unknown}
 u - 2 scrolls of amnesia {unknown}
Potions
 l - 2 potions of degeneration {unknown}
 m - a potion of cancellation {unknown}
 s - a potion of brilliance {unknown}
 t - a potion of curing {unknown}
 x - a potion of magic {unknown}
Comestibles
 f - 2 rations


   Skills:
 + Level 2.7 Fighting
 * Level 7.6 Slings
 + Level 3.3 Dodging
 - Level 1.1 Stealth


You had 4 spell levels left.
You didn't know any spells.

Dungeon Overview and Level Annotations

Branches:
Dungeon (2/15)

Altars:
Ashenzari

Annotations:
D:2 Crazy Yiuf


Innate Abilities, Weirdness & Mutations

You are small and have problems with some larger weapons.
You are somewhat resistant to further mutation.


Message History

Press: ? - help, Shift-Dir - straight line, f - Crazy Yiuf
Aim: Crazy Yiuf, wielding a quarterstaff of chaos and wearing a runed cloak You shoot a sling bullet.
The sling bullet hits Crazy Yiuf.
Crazy Yiuf is lightly wounded.
Firing (i - inventory. (,) - cycle):
d - 6 sling bullets (quivered)
Press: ? - help, Shift-Dir - straight line, f/p - Crazy Yiuf
Aim: Crazy Yiuf, wielding a quarterstaff of chaos and wearing a runed cloak (lightly wounded)
You shoot a sling bullet.
The sling bullet barely misses Crazy Yiuf.
Firing (i - inventory. (,) - cycle):
d - 5 sling bullets (quivered)
Press: ? - help, Shift-Dir - straight line, f/p - Crazy Yiuf
Aim: Crazy Yiuf, wielding a quarterstaff of chaos and wearing a runed cloak (lightly wounded)
You shoot a sling bullet. The sling bullet hits Crazy Yiuf.
Crazy Yiuf is lightly wounded.
Crazy Yiuf hits you with a quarterstaff of chaos!
b - a +0 short sword (weapon)
Crazy Yiuf hits you with a quarterstaff of chaos!
You are electrocuted!
Ouch! That really hurt!
You die...

[....##.#
)###.##.#
.....##.#
##..###.#
##### #...#
#.# #.()#
..#.# #.#
#...# .##(#
#.### .(.
###)# #...#
#g#
###.###...#
##@#
..........#
#.##
##..###...#
##.# #..##
#.#.# #.##
#.#####.#.##
##.##
.)...##.#..#
#...##
.###...>####
#....#
.....#.....#
##..##
.....##.####
#....#


You could see Crazy Yiuf.

Vanquished Creatures
  4 gnolls (D:2)
  2 adders (D:2)
  A shadow imp (D:2)
  An ooze (D:1)
  A worm (D:2)
  2 dart slugs (D:1)
  4 leopard geckos
  A ball python (D:1)
  5 bats
  2 giant cockroaches (D:2)
  9 hobgoblins
  2 jackals (D:2)
  3 frilled lizards (D:1)
  8 kobolds
  3 rats
48 creatures vanquished.

Notes
Turn   | Place    | Note
-------+----------+-------------------------------------------
     0 | D:1      | Knicklaso the Halfling Hunter began the quest for the Orb.
     0 | D:1      | Reached XP level 1. HP: 14/14 MP: 1/1
    21 | D:1      | Reached skill level 6 in Slings
    45 | D:1      | Reached XP level 2. HP: 19/19 MP: 2/2
   372 | D:1      | Reached XP level 3. HP: 24/24 MP: 3/3
   471 | D:2      | Reached skill level 7 in Slings
   471 | D:2      | Reached XP level 4. HP: 30/30 MP: 4/4
   928 | D:2      | Found a runed door.
   992 | D:2      | Reached XP level 5. HP: 23/35 MP: 5/5
  1417 | D:2      | Found a shattered altar of Ashenzari.
  1678 | D:2      | Noticed Crazy Yiuf
  1682 | D:2      | Slain by Crazy Yiuf

Skill      XL: |  1  2  3  4 |
---------------+-------------+-----
Slings         | 6 7 |  7.6
Fighting       | 2 |  2.7
Dodging        | 3 |  3.3
Stealth        | |  1.1

Action                   |  1- 3 |  4- 6 || total
-------------------------+-------+-------++-------
Melee: Short sword       |     1 |    26 ||    27
 Fire: Hunting sling     |    56 |    90 ||   146
  Eat: Chunk             |       |     2 ||     2
Armor: Leather armour    |       |    10 ||    10
Dodge: Dodged            |     2 |    51 ||    53
